Match 40280834
Unlisted

Match 40280834
End
Construct Infanterie Kompanie
Grenadier Squad
Grenadier Squad
Selects Breakthrough Battlegroup
Selects Assault Grenadiers
MG 42 Machine Gun Team
Construct Luftwaffe Kompanie
Jäger Squad
Support Elements
Forward Retreat Point
Medical Bunker
Wirbelwind Flakpanzer
Selects Rapid Production
Luftwaffe Officer Quarters
Marder III M Tank Destroyer
Jäger Squad
Construct Panzer Kompanie
Selects Blitzkrieg
Wirbelwind Flakpanzer
Marder III M Tank Destroyer
Jäger Squad
Repair Bunker
Construct Panzer Kompanie
Selects Tiger Heavy Tank
Tiger Heavy Tank
Selects Breakthrough
Selects Incendiary Bombing Run
Panzer Officer Quarters
Side Skirts
Incendiary Bombing Run
Sturmpanzer IV Brummbär
Panzer IV Medium Tank
Incendiary Bombing Run
Panzer IV Medium Tank
Marder III M Tank Destroyer
Incendiary Bombing Run
Incendiary Bombing Run
Blitzkrieg
Tiger Heavy Tank
Incendiary Bombing Run
Panzer IV Medium Tank
Blitzkrieg
Incendiary Bombing Run
Stoßtruppen Squad
Blitzkrieg
Tiger Heavy Tank
Marder III M Tank Destroyer
insane
Ned Rac
Liamster
KWC
Kappablanca
Sekrit Dokuments
Lost Scureed
Commander Z
0
0

Comments sign in to comment!

No comments posted yet!